AoeStats
← Hawk9710

Arena

510292417Analyzed
1v1 RM · 2d ago on Sep 30, 2026· 35m 46s· 2 players
Game mode
Random Map
Map size
Tiny (2 player)
Population
200
Speed
Normal
Resources
Standard
Victory
Conquest
Starting age
Dark Age
Ending age
Imperial Age
RankedLock teamsTeams togetherTeam positionsShared explorationLock speedFull tech treeHidden civsTurbo modeCheats
Victory
Defeat
🇦🇿 Japanese · Azerbaijan
908
+45
🇦🇺 Britons · Australia
909
-45
Vladika_astadb
10:10 Feudal Age
15:20 Castle Age
15:39 Forging
23:08 Scale Mail Armor
23:50 Gold Mining
23:48 Double-Bit Axe
24:25 Loom
25:15 Wheelbarrow
24:54 Forging
25:56 Bow Saw
25:37 Horse Collar
28:22 Iron Casting
29:15 Chain Mail Armor
34:36 Imperial Age
33:27 Gold Shaft Mining
32:44 Stone Mining
33:32 Squires
33:17 Arson
34:58 Capped Ram
36:04 Conscription
Hawk9710
11:33 Feudal Age
12:17 Double-Bit Axe
17:15 Horse Collar
17:28 Gold Mining
17:30 Stone Mining
19:42 Castle Age
17:40 Loom
18:51 Fletching
19:02 Padded Archer Armor
22:38 Bow Saw
22:33 Heavy Plow
22:53 Town Watch
27:56 Imperial Age
26:14 Wheelbarrow
26:03 Ballistics
26:06 Leather Archer Armor
27:00 Bodkin Arrow
28:52 Gold Shaft Mining
28:48 Hand Cart
30:20 Conscription
30:18 Murder Holes
Connection lost

Rejoining the realm…

Still unreachable

The connection could not be restored.

Session expired

The server has moved on; the page needs a fresh start.